 Dungeon Crawl Stone Soup version 0.31-a0-198-g2ad674f65e (webtiles) character file.

Game seed: 13487519012666668449

18 qw the Shooter (level 2, -1/16 HPs)
             Began as a Deep Elf Hunter on June 25, 2023.
             Succumbed to their own poison gas
             ... on level 1 of the Dungeon.
             The game lasted 00:00:14 (347 turns).

qw the Shooter (Deep Elf Hunter)                     Turns: 347, Time: 00:00:15

Health: -1/16      AC:  8    Str:  8    XL:     2   Next: 51%
Magic:  4/4        EV: 13    Int: 13    God:
Gold:   58         SH:  0    Dex: 18    Spells: 1/1 levels left

rFire   . . .        Y - +1 shortbow
rCold   . . .        (shield currently unavailable)
rNeg    . . .        i - +0 scale mail
rPois   .            (no helmet)
rElec   .            (no cloak)
rCorr   .            o - +0 pair of gloves
SInv    .            f - +0 pair of boots
Will    .....        (no amulet)
Stlth   +            m - +5 ring of evasion
HPRegen 0.22/turn    (no ring)
MPRegen 0.09/turn

%: no passive effects
@: lethally poisoned (-1 -> -13)
A: no striking features
a: no special abilities


You were on level 1 of the Dungeon.
You visited 1 branch of the dungeon, and saw 1 of its levels.

You collected 58 gold pieces.


   Skills:
 - Level 1.5 Fighting
 + Level 6.3 Ranged Weapons
 - Level 2.4 Dodging
 - Level 1.2 Stealth


You had one spell level left.
You didn't know any spells.
Your spell library was empty.

Inventory:

Hand Weapons
 Y - a +1 shortbow (weapon)
Armour
 f - a +0 pair of boots (worn)
 i - a +0 scale mail (worn)
 o - a +0 pair of gloves (worn)
Jewellery
 m - a +5 ring of evasion (left hand)
Scrolls
 a - a scroll of identify
Potions
 g - a potion of haste {unknown}
 n - a potion of enlightenment {unknown}
 p - a potion of heal wounds {unknown}

Dungeon Overview and Level Annotations

Branches:
Dungeon (1/15)

Altars:


Message History

It is a scroll of enchant weapon.
Your +0 shortbow glows red for a moment.
Done exploring.
341 ||| READING scroll labelled LIEMIA LIMAMAPP.
As you read the scroll labelled LIEMIA LIMAMAPP, it crumbles to dust.
You assume a fearsome visage.
Nothing appears to happen.
It was a scroll of fear.
Done exploring.
342 ||| READING scroll labelled WANKOW HAMAN KUPS.
As you read the scroll labelled WANKOW HAMAN KUPS, it crumbles to dust.
It is a scroll of enchant armour.
Really abort (and waste the scroll)?
Done exploring.
343 ||| DROPPING scroll of butterflies.
You drop a scroll of butterflies.
Done exploring.
344 ||| DROPPING scroll of poison.
You drop a scroll of poison.
Done exploring.
(D) Dungeon
Where to? (* - list waypoints, ? - help)
What level of the Dungeon? (default 1, ? - help) Sorry, I don't know how to get there.
Enter note:
Enter note:
Enter note:
Enter note:
Enter note:
Enter note:
Enter note:
Enter note:
Enter note: Really walk into that cloud of poison gas?
You are engulfed in poison gas.
You are lethally poisoned!
You feel very sick.
346 ||| Stepping ~*~*~tactically~*~*~ (cloud).
You feel very sick.
Things that are here:
a scroll of poison; a scroll of butterflies; a +0 leather armour
There is a lethal amount of poison in your body!
You die...

#.......# ### #.......#
########## #.#
#..00¤..###........# #.##
#..¤¤¤....#........# #..#
#..0¤¤0............####### #..##
#..¤¤¤¤¤#.%..(...........#
#...###..00000###..............#
#.#....##..#¤¤¤##..............#
#.........####0@#..............#
#........## ##0¤¤¤0¤00...)....#
#.........#######0¤¤000.........
#..............####¤0¤¤.........
##...................0####......#
....................#.00.#......#
##.......##......##....¤.##.#..##
#....)...##......####..........##
#................................


There were no monsters in sight!

Vanquished Creatures
  A dart slug (D:1)
  2 bats (D:1)
  An endoplasm (D:1)
  2 goblins (D:1)
  A hobgoblin (D:1)
  A quokka (D:1)
  A ball python (D:1)
  3 frilled lizards (D:1)
  4 kobolds (D:1)
  A rat (D:1)
17 creatures vanquished.

Notes
Turn   | Place    | Note
-------+----------+-------------------------------------------
     0 | D:1      | qw the Deep Elf Hunter began the quest for the Orb.
     0 | D:1      | Reached XP level 1. HP: 12/12 MP: 3/3
     0 | D:1      | 0 ||| qw: Version: 0.3-a-22-g0ed2b0b
     0 | D:1      | 0 ||| qw: Game counter: 5396
     0 | D:1      | 0 ||| qw: Melee chars always use a shield: true
     0 | D:1      | 0 ||| qw: God list: Okawaru
     0 | D:1      | 0 ||| qw: Allow faded altars: false
     0 | D:1      | 0 ||| qw: Do Orc after clearing Dungeon:15 true
     0 | D:1      | 0 ||| qw: Do second Lair branch before Depths: true
     0 | D:1      | 0 ||| qw: Lair rune preference: random
     0 | D:1      | 0 ||| qw: Goals: Normal
     0 | D:1      | 0 ||| PLANNING D:1-11
   122 | D:1      | Reached XP level 2. HP: 16/16 MP: 4/4
   123 | D:1      | Reached skill level 6 in Ranged Weapons
   173 | D:1      | Found a faded altar of an unknown god.
   314 | D:1      | 314 ||| UPGRADING to +0 pair of boots.
   319 | D:1      | 319 ||| UPGRADING to +0 scale mail.
   329 | D:1      | 329 ||| DROPPING +0 leather armour.
   330 | D:1      | 330 ||| UPGRADING to +0 pair of gloves.
   335 | D:1      | 335 ||| UPGRADING to +5 ring of evasion.
   336 | D:1      | 336 ||| READING 2 scrolls labelled NEUGOGOCLE.
   337 | D:1      | 337 ||| READING scroll labelled OBOGUM YSSI.
   338 | D:1      | 338 ||| READING 2 scrolls labelled ESI PUICABRANU.
   339 | D:1      | 339 ||| READING scroll labelled QIPSUSARRO.
   340 | D:1      | 340 ||| READING scroll labelled GOQATI WIOHON.
   341 | D:1      | 341 ||| READING scroll labelled LIEMIA LIMAMAPP.
   342 | D:1      | 342 ||| READING scroll labelled WANKOW HAMAN KUPS.
   343 | D:1      | 343 ||| DROPPING scroll of butterflies.
   344 | D:1      | 344 ||| DROPPING scroll of poison.
   346 | D:1      | 346 ||| Stepping ~*~*~tactically~*~*~ (cloud).
   346 | D:1      | HP: 1/16 [poisoned by you (poison gas)]
   347 | D:1      | Succumbed to their own poison gas

Levels and vault maps discovered:
D:1:      lemuel_arrival_behind_the_door_small, layout_rooms,
          basic_ecumenical_altar

Skill      XL: |  1  2 |
---------------+-------+-----
Ranged Weapons | 6 |  6.3
Fighting       | |  1.5
Dodging        | |  2.4
Stealth        | |  1.2

Action                     || total
---------------------------++-------
   Fire: Shortbow          ||    38
    Use: Scroll            ||     7
  Dodge: Dodged            ||     1

Table legend:
 A = Non-vault XP
 B = Vault XP
 C = Vault XP percentage of total XP
 D = Non-vault monster count
 E = Vault monster count
 F = Vault count percentage of total count
                 A         B        C        D         E       F
            +---------+---------+-------+---------+---------+-------
      Total |      27 |       0 |   0.0 |      17 |       0 |   0.0
            +---------+---------+-------+---------+---------+-------
        D:1 |      27 |       0 |   0.0 |      17 |       0 |   0.0
            +---------+---------+-------+---------+---------+-------
